 Dungeon Crawl Stone Soup version 0.31.0-32-g396128a36d (webtiles) character file.

Game seed: 15123863571364538518

611 evoluderxx the Ruffian (level 7, -7/67 HPs)
             Began as a Troll Monk on Mar 19, 2024.
             Mangled by an orc warrior
             ... wielding a +0 glaive
              (13 damage)
             ... on level 5 of the Dungeon.
             The game lasted 00:15:19 (2747 turns).

evoluderxx the Ruffian (Troll Monk)                 Turns: 2747, Time: 00:15:20

Health: -7/67      AC:  7    Str: 22    XL:     7   Next: 20%
Magic:  6/6        EV: 10    Int:  6    God:
Gold:   221        SH:  0    Dex: 12    Spells: 6/6 levels left

rFire   . .          .
                       - Unarmed
rCold   . . .        c - orb {light}
rNeg    . . .        a - +0 robe
rPois   .            (helmet restricted)
rElec   .            y - +2 cloak {rCorr}
rCorr   +            (gloves unavailable)
SInv    .            (boots unavailable)
Will    .....        (no amulet)
Stlth   +            (no ring)
HPRegen 1.11/turn    (no ring)
MPRegen 0.10/turn

%: no passive effects
@: glowing
A: large, unfitting armour, claws 3, regeneration 1, shaggy fur 1, tough skin 1
a: no special abilities


You were on level 5 of the Dungeon.
You visited 2 branches of the dungeon, and saw 6 of its levels.

You collected 221 gold pieces.

Inventory:

Missiles
 t - a throwing net (quivered)
Armour
 a - a +0 robe (worn)
 c - an orb of light (worn)
 y - a +2 cloak of preservation (worn)
Jewellery
 m - a ring of flight
Talismans
 g - a flux talisman
Wands
 x - a wand of flame (12)
 z - a wand of roots (13)
Scrolls
 d - 2 scrolls of poison {unknown}
 e - 2 scrolls of enchant weapon {unknown}
 i - a scroll of enchant armour {unknown}
 k - a scroll of amnesia {unknown}
 n - a scroll of fog {unknown}
 p - 2 scrolls of identify {unknown}
 u - 3 scrolls of teleportation {unknown}
 w - a scroll of fear {unknown}
Potions
 b - a potion of ambrosia
 f - a potion of invisibility {unknown}
 h - a potion of enlightenment {unknown}
 j - 2 potions of might {unknown}
 l - 3 potions of curing {unknown}
 o - 2 potions of heal wounds {unknown}
 q - a potion of degeneration {unknown}
 r - a potion of lignification {unknown}
 s - a potion of cancellation {unknown}
 v - 2 potions of attraction {unknown}


   Skills:
 * Level 3.4 Fighting
 * Level 1.7 Armour
 * Level 3.6 Dodging
 * Level 1.1 Stealth
 * Level 6.1 Unarmed Combat


You had 6 spell levels left.
You didn't know any spells.
Your spell library contained the following spells:

 Spells                   Type           Power      Damage    Failure   Level
 Ensorcelled Hibernation  Hex/Ice        0%         N/A       58%         2
 Passwall                 Erth           0%         N/A       83%         3
 Swiftness                Air            0%         N/A       83%         3


Dungeon Overview and Level Annotations

Branches:
Dungeon (5/15)             Temple (1/1) D:4

Altars:
Ashenzari
Dithmenos
Elyvilon
Fedhas
Gozag
Hepliaklqana
Makhleb
Nemelex Xobeh
Okawaru
Qazlal
Ru
Trog
Uskayaw
Vehumet
Xom
Yredelemnul
Zin
The Shining One

Shops:
D:4 *


Innate Abilities, Weirdness & Mutations

You are too large for most types of armour.
You have claws for hands.
Your natural rate of healing is unusually fast.
You are covered in fur. (AC +1)
You have tough skin. (AC +1)


Message History

An orc priest comes into view. It is wielding a +0 mace.
Found a stone staircase leading down.
An orc warrior comes into view. It is wielding a +0 glaive.
The orc warrior shouts!
The ogre hits you with a +0 giant club!
You claw the ogre!
The ogre is heavily wounded.
You claw the ogre!
You kill the ogre!
The orc hits you but does no damage.
Your Unarmed Combat skill increases to level 6!
You have reached level 7!
You claw the orc!
You kill the orc!
An orc comes into view. It is wielding a +0 flail.
The orc shouts!
The orc warrior completely misses you.
You see here a +0 giant club.
You scratch the orc priest but do no damage.
The orc hits you but does no damage. The orc warrior barely misses you.
The orc priest invokes the aid of Beogh against you.
Pain shoots through your body!
You claw the orc priest!
The orc priest is severely wounded.
The orc warrior hits you from afar with a +0 glaive!
The orc barely misses you. The orc priest hits you with a +0 mace.
You claw the orc priest!
You kill the orc priest!
The orc closely misses you.
The orc warrior hits you from afar with a +0 glaive!
* * * LOW HITPOINT WARNING * * *
You scratch the orc but do no damage.
A bombardier beetle comes into view.
The orc warrior hits you from afar with a +0 glaive!
* * * LOW HITPOINT WARNING * * *
The orc closely misses you.
You mangle the orc!!
You kill the orc!
The orc warrior hits you from afar with a +0 glaive!
You die...

#........# #.....
...>..(.#######.....
...........#.#.....
##.#.#..............
..##..###†.............
.......#...............
. #..................
#...###.................
#.....@).....).........
#....))................
......oo<...#.#.##.##...
...##.....###.#.....#...
.. ....... .#..#...... .
.>....... ..#.....#
#...##..... ...#.....
..B# ...#.. #........
#........


You could see an orc warrior, a bombardier beetle and an orc.

Vanquished Creatures
  An ogre (D:5)
  2 phantoms
  3 hounds
  A bombardier beetle (D:5)
  An orc priest (D:5)
  Crazy Yiuf (D:3)
  A jelly (D:5)
  10 gnolls
  5 adders
  A white imp (D:5)
  A dart slug (D:2)
  A ribbon worm (D:4)
  2 orcs (D:5)
  3 endoplasms
  A giant cockroach (D:4)
  A goblin (D:4)
  3 hobgoblins
  4 kobolds
  A quokka (D:2)
  3 ball pythons
  A bat (D:2)
  4 frilled lizards
  A rat (D:2)
52 creatures vanquished.

Notes
Turn   | Place    | Note
-------+----------+-------------------------------------------
     0 | D:1      | evoluderxx the Troll Monk began the quest for the Orb.
     0 | D:1      | Reached XP level 1. HP: 22/22 MP: 0/0
   960 | D:2      | Reached XP level 2. HP: 29/29 MP: 1/1
   968 | D:2      | Reached XP level 3. HP: 31/36 MP: 2/2
  1438 | D:3      | Reached XP level 4. HP: 44/44 MP: 3/3
  1490 | D:3      | You fall into a shaft and drop 2 floors!
  1490 | D:5      | Entered Level 5 of the Dungeon
  1499 | D:5      | Reached skill level 1 in Armour
  1513 | D:5      | Noticed a phantom
  1533 | D:4      | Reached skill level 4 in Unarmed Combat
  1554 | D:4      | Reached XP level 5. HP: 53/53 MP: 4/4
  1557 | D:4      | Found Xeumnash's Overcharged Wands.
  1684 | D:4      | Found a staircase to the Ecumenical Temple.
  1693 | D:4      | Noticed a phantom
  1704 | D:4      | Killed a phantom
  1727 | Temple   | Entered the Ecumenical Temple
  1907 | D:4      | Found a white marble altar of Elyvilon.
  1916 | D:4      | Found a bloodstained altar of Trog.
  1919 | D:4      | Found a stormy altar of Qazlal.
  1922 | D:4      | Found an iron altar of Okawaru.
  2247 | D:3      | Reached XP level 6. HP: 42/61 MP: 5/5
  2475 | D:3      | Found a runed translucent door.
  2476 | D:3      | Noticed Crazy Yiuf
  2547 | D:3      | Killed Crazy Yiuf
  2548 | D:3      | Reached skill level 1 in Stealth
  2548 | D:3      | Reached skill level 5 in Unarmed Combat
  2737 | D:5      | Noticed an orc warrior
  2741 | D:5      | Reached skill level 6 in Unarmed Combat
  2741 | D:5      | Reached XP level 7. HP: 52/67 MP: 6/6
  2747 | D:5      | Mangled by an orc warrior

Illustrated notes

Levels and vault maps discovered:
D:1:      matt_arrival_grand_opening, layout_loops_corners
D:2:      minmay_general_purpose_star, layout_rooms, minmay_misc_feat_columns
D:3:      layout_rooms, uniq_crazy_yiuf_cottage
D:4:      layout_basic, grunt_temple_overflow_cloverleaf,
          minmay_temple_entry_junction_2, nicolae_shop_overcharged_wands
D:5:      layout_cave_pools, minmay_statues_item
Temple:   eino_temple_water

Skill      XL: |  1  2  3  4  5  6 |
---------------+-------------------+-----
Armour         | 1 |  1.7
Dodging        | 3 |  3.6
Fighting       | 3 |  3.4
Unarmed Combat | 4 6 |  6.1
Stealth        | 1 |  1.1

Action                     |  1- 3 |  4- 6 |  7- 9 || total
---------------------------+-------+-------+-------++-------
  Melee: Unarmed           |    45 |    79 |     6 ||   130
 Armour: Robe              |    30 |    46 |     6 ||    82
  Dodge: Dodged            |    23 |    40 |     5 ||    68
